 Dungeon Crawl Stone Soup version 0.24.0-123-gd5b16e6ec5 (webtiles) character file.

Game seed: 4248752706040273920, levelgen mode: deterministic

4365 LoneWolf41 the Magician (level 10, 0/69 HPs)
             Began as a Human Venom Mage on Jan 10, 2020.
             Was a Priest of Sif Muna.
             Slain by a wyvern skeleton (10 damage)
             ... on level 9 of the Dungeon on Jan 11, 2020.
             The game lasted 01:39:04 (6944 turns).

LoneWolf41 the Magician (Human Venom Mage)          Turns: 6944, Time: 01:39:04

Health: 0/69       AC: 18    Str: 12    XL:     10   Next: 60%
Magic:  4/21       EV: 12    Int: 19    God:    Sif Muna [***...]
Gold:   345        SH:  3    Dex: 13    Spells: 8/24 levels left

rFire    . . .     SeeInvis .   a - +5 flail (protect)
rCold    + . .     Gourm    .   O - +0 buckler
rNeg     . . .     Faith    .   I - +2 leather armour of the Doge {Int+3}
rPois    .         Spirit   .   f - +0 helmet
rElec    .         Reflect  .   g - +2 cloak
rCorr    .         Harm     .   (no gloves)
MR       +....                  p - +0 pair of boots
Stlth    ++........             (no amulet)
HPRegen  0.21/turn              y - ring of protection from cold
MPRegen  0.17/turn              K - ring of flight

@: protection aura, very slightly contaminated
A: claws 1, rugged brown scales 1, magic resistance 1, MP-powered wands
a: Channel Magic, Forget Spell, Renounce Religion, Evoke Flight


You were on level 9 of the Dungeon.
You worshipped Sif Muna.
Sif Muna was most pleased with you.
You were not hungry.

You visited 1 branch of the dungeon, and saw 9 of its levels.
You also visited: Sewer.

You collected 345 gold pieces.

Inventory:

Hand Weapons
 a - a +5 flail of protection (weapon)
 b - a +0 shortbow
 i - a +0 hunting sling
 D - a +0 war axe
Missiles
 d - 87 poisoned darts (quivered)
 e - 6 atropa-tipped darts
 j - 47 bolts
 q - 54 arrows
 t - 18 sling bullets
 u - 281 stones
 J - 14 boomerangs
Armour
 f - a +0 helmet (worn)
 g - a +2 cloak (worn)
 p - a +0 pair of boots (worn)
 I - the +2 leather armour of the Doge (worn) {Int+3}
   (You found it on level 7 of the Dungeon)

   It affects your intelligence (+3).
 O - a +0 buckler (worn)
Magical Staves
 L - an uncursed staff of earth
Jewellery
 y - a ring of protection from cold (left claw)
 K - a ring of flight (right claw)
Wands
 o - a wand of digging (5)
 x - a wand of clouds (3)
 F - a wand of flame (3)
 G - a wand of acid (12)
 H - a wand of disintegration (11)
 M - a wand of enslavement (8)
Scrolls
 h - 4 scrolls of remove curse
 s - a scroll of immolation
 A - a scroll of teleportation
 C - a scroll of amnesia
Potions
 k - 2 potions of curing
 l - 2 potions of agility
 m - a potion of mutation
 n - a potion of flight
 r - a potion of might
 v - a potion of cancellation
 w - a potion of invisibility {unknown}
 B - a potion of brilliance {unknown}
 E - a potion of berserk rage {unknown}
Comestibles
 c - 15 rations
 P - a chunk of flesh


   Skills:
 + Level 2.2 Fighting
   Level 1.4 Short Blades
 + Level 3.0 Maces & Flails
 + Level 1.2(2.3) Slings
 + Level 2.1 Bows
 + Level 3.1(3.2) Throwing
 + Level 1.3 Armour
 + Level 3.9 Dodging
 + Level 3.6 Stealth
 + Level 7.9 Spellcasting
 + Level 2.3 Conjurations
 + Level 5.3 Ice Magic
 + Level 3.0 Air Magic
 + Level 6.2 Poison Magic
 + Level 2.0 Invocations
 + Level 0.3 Evocations


You had 8 spell levels left.
You knew the following spells:

 Your Spells              Type           Power        Failure   Level  Hunger
a - Freeze                Ice            ####         2%          1    None
b - Sting                 Conj/Pois      ###.         3%          1    None
c - Poisonous Vapours     Pois/Air       ####..       4%          2    None
d - Mephitic Cloud        Conj/Pois/Air  ###.....     12%         3    None
e - Olgreb's Toxic Radia  Pois           ####....     14%         4    ###....
f - Venom Bolt            Conj/Pois      ###.......   67%         5    #####..

Your spell library contained the following spells:

 Spells                   Type           Power        Failure   Level  Hunger


Dungeon Overview and Level Annotations

Branches:
Dungeon (9/15)             Temple (0/1) D:6           Sewer (visited)
   Lair: D:8-11         Orc: D:9-12

Altars:
Cheibriados
Dithmenos
Fedhas
Gozag
Hepliaklqana
Kikubaaqudgha
Nemelex Xobeh
Ru
Sif Muna
Trog
Uskayaw
Wu Jian
Zin
The Shining One


Innate Abilities, Weirdness & Mutations

You have sharp fingernails.
You are partially covered in rugged brown scales. (AC +1, +3% HP)
You are resistant to hostile enchantments. (MR+)
You expend magic power (3 MP) to strengthen your wands.


Message History

The wyvern skeleton bites you but does no damage.
You sock the wyvern skeleton!
The wyvern skeleton is heavily damaged.
The wyvern skeleton barely misses you.
You sock the wyvern skeleton!
The wyvern skeleton is severely damaged.
You block the wyvern skeleton's attack.
The wyvern skeleton bites you but does no damage.
You barely miss the wyvern skeleton.
The wyvern skeleton is severely damaged.
The wyvern skeleton misses you.
You hit the wyvern skeleton.
The wyvern skeleton is almost destroyed.
The wyvern skeleton bites you.
* * * LOW HITPOINT WARNING * * *
The wyvern skeleton closely misses you.
You hit the wyvern skeleton.
The wyvern skeleton is almost destroyed.
The wyvern skeleton bites you!
You die...

#... .......
#...###......#
#...........#
#.........#
#.<†......
#..†......
##.(.......
#..††......
#..@Z......
#.............
#............#
###.......<...
.....###..#.#
##.... ### .
###.. #..


You could see a wyvern skeleton.

Vanquished Creatures
  A two-headed ogre (D:8)
  A hippogriff (D:8)
  3 yaks (D:9)
  Menkaure (D:5)
  2 phantoms (D:5)
  3 ice beasts
  2 black bears
  An orc warrior (D:7)
  5 ogres
  2 centaurs
  2 big kobolds
  5 bullfrogs
  3 scorpions
  A killer bee (D:9)
  3 crimson imps
  2 jellies
  4 orc priests
  A hound (D:7)
  Crazy Yiuf (D:2)
  2 gnoll shamans
  3 bullfrog skeletons (D:5)
  An iguana (D:6)
  4 orc wizards
  8 worker ants
  A hound zombie (D:8)
  A howler monkey zombie (D:6)
  11 adders
  15 gnolls
  3 shadow imps
  3 oozes
  4 worms
  4 dart slugs
  7 leopard geckos
  22 orcs
  3 ball pythons
  4 giant cockroaches
  8 hobgoblins
  15 jackals
  22 kobolds
  4 quokkas
  12 bats
  4 frilled lizards
  A giant cockroach zombie (D:5)
  8 goblins
  17 rats
230 creatures vanquished.

Notes
Turn   | Place    | Note
-------+----------+-------------------------------------------
     0 | D:1      | LoneWolf41 the Human Venom Mage began the quest for the
                  | Orb.
     0 | D:1      | Reached XP level 1. HP: 13/13 MP: 3/3
   165 | D:1      | Reached XP level 2. HP: 11/19 MP: 5/5
   256 | D:1      | Reached XP level 3. HP: 20/24 MP: 2/6
   261 | D:1      | Learned a level 3 spell: Mephitic Cloud
   975 | D:1      | Reached XP level 4. HP: 30/30 MP: 3/7
  1262 | D:2      | Learned a level 4 spell: Olgreb's Toxic Radiance
  1421 | D:2      | Found a runed translucent door.
  1422 | D:2      | Noticed Crazy Yiuf
  1684 | D:2      | Killed Crazy Yiuf
  1684 | D:2      | Reached XP level 5. HP: 22/36 MP: 6/9
  1856 | D:3      | Reached skill level 3 in Spellcasting
  1878 | D:3      | Learned a level 2 spell: Poisonous Vapours
  2117 | D:3      | Found a shimmering blue altar of Sif Muna.
  2126 | D:3      | Became a worshipper of Sif Muna the Loreminder
  2133 | D:3      | Reached XP level 6. HP: 42/42 MP: 0/10
  2142 | D:3      | Identified Sif Muna's Papyrus of the Snowflakes
  2155 | D:3      | Learned a level 1 spell: Freeze
  2537 | D:3      | Reached * piety under Sif Muna
  2577 | D:3      | Found a glowing golden altar of the Shining One.
  2611 | D:3      | Reached skill level 1 in Fighting
  2788 | D:3      | Found a bloodstained altar of Trog.
  2912 | D:4      | Found a glowing drain.
  2926 | Sewer    | Entered a sewer
  2989 | Sewer    | Reached skill level 1 in Ice Magic
  2989 | Sewer    | Reached skill level 1 in Air Magic
  2989 | Sewer    | Reached XP level 7. HP: 48/48 MP: 0/12
  3024 | Sewer    | Found a white marble altar of Elyvilon.
  3319 | D:4      | Reached skill level 1 in Short Blades
  3319 | D:4      | Reached skill level 4 in Spellcasting
  3673 | D:4      | Reached ** piety under Sif Muna
  3713 | D:4      | Reached XP level 8. HP: 48/54 MP: 4/14
  3748 | D:4      | Found a sparkling altar of Nemelex Xobeh.
  3749 | D:4      | Found an ancient bone altar of Kikubaaqudgha.
  3751 | D:4      | Found a sacrificial altar of Ru.
  3761 | D:4      | Learned a level 5 spell: Venom Bolt
  4026 | D:5      | Entered Level 5 of the Dungeon
  4036 | D:5      | Reached skill level 5 in Spellcasting
  4207 | D:5      | Reached skill level 1 in Throwing
  4207 | D:5      | Reached skill level 5 in Poison Magic
  4310 | D:5      | Found a shadowy altar of Dithmenos.
  4356 | D:5      | Reached skill level 1 in Maces & Flails
  4514 | D:5      | Gained mutation: You expend magic power (3 MP) to
                  | strengthen your wands. [potion of mutation]
  4514 | D:5      | Gained mutation: You are resistant to hostile enchantments.
                  | (MR+) [potion of mutation]
  4514 | D:5      | Gained mutation: You have sharp fingernails. [potion of
                  | mutation]
  4514 | D:5      | Gained mutation: You are partially covered in rugged brown
                  | scales. (AC +1, +3% HP) [potion of mutation]
  4649 | D:5      | Reached skill level 1 in Bows
  4717 | D:5      | Noticed a yak
  4726 | D:5      | Noticed Menkaure
  4731 | D:5      | Killed Menkaure
  4731 | D:5      | Reached skill level 1 in Slings
  4731 | D:5      | Reached XP level 9. HP: 26/62 MP: 3/17
  4931 | D:6      | Found a staircase to the Ecumenical Temple.
  4963 | D:6      | Found a blossoming altar of Fedhas.
  5103 | D:6      | Found an ornate altar of the Wu Jian Council.
  5239 | D:6      | Found a glowing silver altar of Zin.
  5249 | D:6      | Found a snail-covered altar of Cheibriados.
  5252 | D:6      | Found a hide-covered altar of Uskayaw.
  5565 | D:7      | Got a brightly glowing leather armour
  5576 | D:7      | Identified the +2 leather armour of the Doge {Int+3} (You
                  | found it on level 7 of the Dungeon)
  5605 | D:7      | Reached *** piety under Sif Muna
  5642 | D:7      | Reached skill level 6 in Spellcasting
  5822 | D:7      | Reached skill level 1 in Invocations
  5967 | D:7      | Reached skill level 1 in Armour
  6157 | D:7      | Reached XP level 10. HP: 65/69 MP: 19/19
  6618 | D:8      | Found an opulent altar of Gozag.
  6693 | D:8      | Reached skill level 7 in Spellcasting
  6813 | D:8      | Found a hazy altar of Hepliaklqana.
  6852 | D:8      | Noticed a two-headed ogre
  6864 | D:8      | Killed a two-headed ogre
  6869 | D:8      | Reached skill level 5 in Ice Magic
  6944 | D:9      | Slain by a wyvern skeleton

Levels and vault maps discovered:
D:1:      giann_bridges, layout_basic
D:2:      layout_rooms, minmay_distorted, uniq_crazy_yiuf_cottage
D:3:      minmay_bubble_buster, layout_loops_ring, led_sif_book,
          marbit_many_paths, trog_hazing_becter
D:4:      layout_loops_corners, chequers_temple_overflow_statue_of_worship,
          portal_sewer_entry_d
D:5:      layout_loops_cross, lemuel_crystal_altar, first_ration,
          lightli_corner_chamber, uniq_menkaure
D:6:      layout_cave_pools, fedhas_altar_2, lemuel_round_altar,
          grunt_temple_overflow_open, temple_green, serial_park,
          serial_park_tiny_1, serial_park_tiny_2, serial_park_tiny_2
D:7:      layout_gridville
D:8:      layout_basic, lemuel_coloured_pillars_altar, lemuel_round_altar,
          grunt_ogre_cave
D:9:      layout_cave_pools, basic_altar

Skill      XL: |  1  2  3  4  5  6  7  8  9 10 |
---------------+-------------------------------+-----
Spellcasting   | 3 4 5 6 7 |  7.9
Poison Magic   | 4 5 6 |  6.2
Stealth        | 3 |  3.6
Fighting       | 1 2 |  2.2
Ice Magic      | 1 2 3 4 5 |  5.3
Air Magic      | 1 2 3 |  3.0
Conjurations   | 2 |  2.3
Short Blades   | 1 |  1.4
Throwing       | 2 3 |  3.1
Maces & Flails | 2 3 |  3.0
Dodging        | 3 |  3.9
Bows           | 1 2 |  2.1
Slings         | 1 |  1.2
Invocations    | 2 |  2.0
Armour         | 1 |  1.3
Evocations     | |  0.3

Action                   |  1- 3 |  4- 6 |  7- 9 | 10-12 || total
-------------------------+-------+-------+-------+-------++-------
Melee: Club              |     5 |       |       |       ||     5
       Mace              |    13 |    17 |       |       ||    30
       Spear             |     9 |       |       |       ||     9
       Hand axe          |     3 |       |       |       ||     3
       Dagger            |       |    60 |    39 |       ||    99
       Flail             |       |       |   149 |    32 ||   181
 Fire: Hunting sling     |       |     3 |    10 |       ||    13
       Shortbow          |       |       |    26 |       ||    26
Throw: Stone             |     4 |       |       |       ||     4
       Dart              |     2 |    11 |    22 |     2 ||    37
       Boomerang         |       |       |    31 |     3 ||    34
       Throwing net      |       |       |       |     1 ||     1
 Cast: Sting             |    45 |    51 |    16 |     1 ||   113
       Poisonous Vapours |       |    22 |    35 |    15 ||    72
       Mephitic Cloud    |       |     4 |     2 |     1 ||     7
       Freeze            |       |    30 |    72 |    18 ||   120
       Olgreb's Toxic Ra |       |       |    16 |     7 ||    23
Invok: Channel Magic     |       |     1 |     5 |       ||     6
Evoke: Wand              |       |       |    10 |       ||    10
  Use: Scroll            |     1 |     5 |    12 |     2 ||    20
       Potion            |       |     2 |     5 |       ||     7
 Stab: Sleeping          |     4 |     8 |     4 |     1 ||    17
  Eat: Chunk             |     1 |     8 |    16 |     3 ||    28
Armor: Robe              |    12 |    22 |    68 |       ||   102
       Ring mail         |     2 |    20 |       |       ||    22
       Leather armour    |       |       |    29 |    16 ||    45
Dodge: Dodged            |    23 |    65 |   172 |    31 ||   291
Block: Buckler           |       |       |       |     5 ||     5
